 Dungeon Crawl Stone Soup version 0.32-a0-120-gfac0567ad4 (webtiles) character file.

Game seed: 2834263324840811155

228 pokeman the Magician (level 5, 0/29 HPs)
             Began as a Deep Elf Hedge Wizard on Feb 6, 2024.
             Slain by a phantom (3 damage)
             ... on level 4 of the Dungeon.
             The game lasted 00:08:48 (3218 turns).

pokeman the Magician (Deep Elf Hedge Wizard)        Turns: 3218, Time: 00:08:49

Health: 0/29       AC:  3    Str: 10    XL:     5   Next: 70%
Magic:  0/15       EV: 13    Int: 21    God:
Gold:   125        SH:  0    Dex: 14    Spells: 8/16 levels left

rFire   . . .        o - +1 dagger (drain)
rCold   + . .        (no shield)
rNeg    . . .        i - +0 robe "Gimujuor" {rC+ Str+3}
rPois   .            c - +0 hat
rElec   .            (no cloak)
rCorr   .            (no gloves)
SInv    .            l - +0 pair of boots
Will    .....        s - amulet of the acrobat
Stlth   ++           (no ring)
HPRegen 0.24/turn    (no ring)
MPRegen 0.14/turn

%: acrobat
@: no status effects
A: no striking features
a: no special abilities


You were on level 4 of the Dungeon.
You visited 1 branch of the dungeon, and saw 4 of its levels.

You collected 125 gold pieces.

Inventory:

Hand Weapons
 o - a +1 dagger of draining (weapon)
Armour
 c - a +0 hat (worn)
 i - the +0 robe "Gimujuor" (worn) {rC+ Str+3}
   (You found it on level 2 of the Dungeon)

   Str+3:     It affects your strength (+3).
   rC+:       It protects you from cold.
 l - a +0 pair of boots (worn)
 t - an orb of light
Magical Staves
 n - a staff of air
Jewellery
 s - an amulet of the acrobat (around neck)
Scrolls
 a - a scroll of vulnerability {unknown}
 b - a scroll of fear {unknown}
 h - 2 scrolls of identify {unknown}
 j - a scroll of teleportation {unknown}
 k - a scroll of brand weapon {unknown}
 p - a scroll of poison {unknown}
 q - a scroll of fog {unknown}
 r - a scroll of enchant weapon {unknown}
Potions
 d - a potion of magic
 e - a potion of ambrosia {unknown}
 f - a potion of curing {unknown}
 g - a potion of invisibility {unknown}
 m - a potion of berserk rage {unknown}


   Skills:
 - Level 1.0 Fighting
 - Level 1.0 Armour
 - Level 3.0 Dodging
 - Level 3.1 Stealth
 * Level 6.4 Spellcasting
 + Level 2.9 Conjurations
 - Level 1.1 Summonings
 - Level 1.1 Translocations
 + Level 0.9 Air Magic
 + Level 0.7 Alchemy
 + Level 0.8 Evocations


You had 8 spell levels left.
You knew the following spells:

 Your Spells              Type           Power      Damage    Failure   Level
a - Magic Dart            Conj           76%        1d6       2%          1
b - Mephitic Cloud        Conj/Alch/Air  13%        N/A       16%         3
c - Call Imp              Summ           22%        N/A       9%          2
d - Blink                 Tloc           22%        N/A       9%          2

Your spell library contained the following spells:

 Spells                   Type           Power      Damage    Failure   Level
 Searing Ray              Conj           38%        2d5       4%          2
 Slow                     Hex            24%        N/A       10%         1
 Cigotuvi's Dreadful Rot  Necr/Alch/Air  18%        N/A       11%         2
 Ensorcelled Hibernation  Hex/Ice        12%        N/A       14%         2
 Fugue of the Fallen      Necr           6%         N/A       28%         3
 Fulminant Prism          Conj/Alch      7%         3d6       41%         4
 Anguish                  Hex/Necr       3%         N/A       67%         4


Dungeon Overview and Level Annotations

Branches:
Dungeon (4/15)
 Temple: D:4-7

Altars:

Shops:
D:1 ((

Annotations:
D:3 1 runed translucent door, Echelon's ghost, amateur HuFi


Message History

Aiming: Magic Dart (safe; 2% risk of failure)
Press: ? - help, Shift-Dir - straight line, f/p - phantom
Aim: a phantom (heavily damaged, 100% to hit)
The magic dart hits the phantom.
The phantom is severely damaged.
The phantom hits you.
* * * LOW HITPOINT WARNING * * *
The phantom blinks!
You blink.
Casting: Magic Dart (safe; 2% risk of failure)
Confirm with . or Enter, or press ? or * to list all spells.
Aiming: Magic Dart (safe; 2% risk of failure)
Press: ? - help, Shift-Dir - straight line, f/p - phantom
Aim: a phantom (severely damaged, 100% to hit)
The magic dart hits the phantom but does no damage.
The phantom is severely damaged.
The phantom hits you but does no damage.
Casting: Magic Dart (safe; 2% risk of failure)
Confirm with . or Enter, or press ? or * to list all spells.
Aiming: Magic Dart (safe; 2% risk of failure)
Press: ? - help, Shift-Dir - straight line, f/p - phantom
Aim: a phantom (severely damaged, 100% to hit)
The magic dart hits the phantom but does no damage.
The phantom is severely damaged.
The phantom barely misses you.
Casting: Magic Dart (safe; 2% risk of failure)
Confirm with . or Enter, or press ? or * to list all spells.
Aiming: Magic Dart (safe; 2% risk of failure)
Press: ? - help, Shift-Dir - straight line, f/p - phantom
Aim: a phantom (severely damaged, 100% to hit)
The magic dart hits the phantom.
The phantom is severely damaged.
The phantom hits you.
* * * LOW HITPOINT WARNING * * *
You closely miss the phantom.
The phantom is severely damaged.
The phantom hits you but does no damage.
You barely miss the phantom.
The phantom is severely damaged.
The phantom hits you.
You die...

##.# #))# #
###.)#
#.#....#
#.#.#..#
#......#
#.#.##.#
####.##.#
#..@....#
####W#.(#
#.#..# #.#..#
#.#..# #.#..#
#.#..#
#####.#..#
......#..#####


You could see a phantom.

Vanquished Creatures
  Natasha (thrice) (D:3)
  3 adders
  4 gnolls
  A dart slug (D:1)
  3 orcs (D:3)
  5 ball pythons
  8 bats
  6 endoplasms
  4 giant cockroaches
  3 goblins
  6 hobgoblins
  A jackal (D:2)
  3 kobolds
  2 quokkas
  3 frilled lizards
  9 rats
64 creatures vanquished.

Vanquished Creatures (collateral kills)
  Terence (D:2)
1 creature vanquished.

Grand Total: 65 creatures vanquished

Notes
Turn   | Place    | Note
-------+----------+-------------------------------------------
     0 | D:1      | pokeman the Deep Elf Hedge Wizard began the quest for the
                  | Orb.
     0 | D:1      | Reached XP level 1. HP: 10/10 MP: 7/7
   228 | D:1      | Reached XP level 2. HP: 16/16 MP: 4/9
   369 | D:1      | Found Raupauz's Antique Weapon Shoppe.
   700 | D:1      | Reached skill level 5 in Spellcasting
   778 | D:1      | Found Naczutuse's Weapon Shoppe.
  1183 | D:2      | Reached XP level 3. HP: 14/20 MP: 3/11
  1187 | D:2      | Learned a level 3 spell: Mephitic Cloud
  1190 | D:2      | Learned a level 2 spell: Call Imp
  1193 | D:2      | Learned a level 2 spell: Blink
  1400 | D:2      | Reached skill level 1 in Fighting
  1400 | D:2      | Reached skill level 1 in Armour
  1535 | D:2      | Identified the +0 robe "Gimujuor" {rC+ Str+3}
  1667 | D:2      | Found a faded altar of an unknown god.
  1813 | D:2      | Noticed Terence
  1835 | D:2      | Killed Terence
  1836 | D:2      | Reached XP level 4. HP: 14/25 MP: 4/13
  2243 | D:3      | Found a runed translucent door.
  2245 | D:3      | Noticed a bullfrog
  2421 | D:3      | Noticed Natasha
  2429 | D:3      | Killed Natasha
  2581 | D:3      | Noticed Natasha
  2589 | D:3      | Killed Natasha
  2590 | D:3      | Reached skill level 6 in Spellcasting
  2590 | D:3      | Reached XP level 5. HP: 26/28 MP: 10/15
  2634 | D:3      | Noticed Natasha
  2653 | D:3      | Killed Natasha
  3026 | D:3      | Noticed Echelon's ghost (amateur HuFi)
  3199 | D:4      | Noticed a phantom
  3218 | D:4      | Slain by a phantom

Illustrated notes

Levels and vault maps discovered:
D:1:      lightli_iron_boxes, layout_basic, serial_shops,
          nicolae_shop_bloodbath_and_beyond, shop
D:2:      minmay_angry_zag, layout_rooms, shapermc_ecumenical_altar_venn,
          amcnicky_mini_pool_small, minmay_heptomino_d4, uniq_terence
D:3:      layout_loops_cross, ebering_ghost_sewer_d, hangedman_decor_slide_cut,
          uniq_natasha
D:4:      layout_basic, kennysheep_generic_room_9

Skill      XL: |  1  2  3  4  5 |
---------------+----------------+-----
Spellcasting   | 5 6 |  6.4
Fighting       | 1 |  1.0
Armour         | 1 |  1.0
Conjurations   | 2 |  2.9
Stealth        | 3 |  3.1
Dodging        | 3 |  3.0
Summonings     | |  1.1
Translocations | |  1.1
Air Magic      | |  0.9
Alchemy        | |  0.7
Evocations     | |  0.8

Action                     |  1- 3 |  4- 6 || total
---------------------------+-------+-------++-------
  Melee: Dagger            |     9 |    22 ||    31
         Punch             |     2 |     3 ||     5
         Mace              |       |     3 ||     3
   Cast: Magic Dart        |    99 |    62 ||   161
         Mephitic Cloud    |     3 |     5 ||     8
         Call Imp          |     1 |       ||     1
   Stab: Confused          |     2 |     3 ||     5
 Armour: Robe              |    13 |    27 ||    40
  Dodge: Dodged            |     6 |    23 ||    29

Table legend: (Time is in decaauts)
 A = Elapsed time spent in this place.
 B = Non-inter-level travel time spent in this place.
 C = Inter-level travel time spent in this place.
 D = Time resting spent in this place.
 E = Time spent auto-exploring this place.
 F = Levels seen in this place.
 G = Mean time per level.
                   A        B        C        D        E       F      G
               +--------+--------+--------+--------+--------+-----+--------+
         Total |   3219 |   3151 |     68 |      0 |   2742 |   4 |  804.8 |
       Dungeon |   3219 |   3151 |     68 |      0 |   2742 |   4 |  804.8 |
               +--------+--------+--------+--------+--------+-----+--------+

Top non-repeatable levels by time:
     D:1: 1174 daAuts
     D:2: 965 daAuts
     D:3: 948 daAuts
     D:4: 131 daAuts
